 Dungeon Crawl Stone Soup version 0.22-a0-305-gd21a89c (webtiles) character file.

46150 vishdafish the Warrior (level 14, -7/163 HPs)
             Began as an Ogre Fighter on Mar 28, 2018.
             Was a High Priest of Nemelex Xobeh.
             Mangled by a water elemental (16 damage)
             ... summoned by the player character
             ... on level 2 of the Orcish Mines.
             The game lasted 00:52:42 (20766 turns).

vishdafish the Warrior (Ogre Fighter)              Turns: 20766, Time: 00:52:43

Health: -7/163     AC: 13    Str: 23    XL:     14   Next: 36%
Magic:  20/20      EV: 10    Int: 13    God:    Nemelex Xobeh [*****.]
Gold:   1769       SH: 22    Dex:  8    Spells: 13/13 levels left

rFire    . . .     SeeInvis .   a - +0 scimitar
rCold    . . .     Gourm    .   o - +0 large shield
rNeg     + . .     Faith    .   F - +1 robe of Activism {+Fly rN+ MR+ Regen+}
rPois    .         Spirit   .   (helmet restricted)
rElec    .         Reflect  +   l - +2 cloak
rCorr    .         Harm     .   (gloves unavailable)
MR       ++...                  (boots unavailable)
Stlth    +.........             I - +4 amulet of reflection
HPRegen  0.77/turn              t - +3 ring of protection
MPRegen  0.17/turn              p - +3 ring of protection

@: lethally poisoned (-7 -> -9)
A: large, unfitting armour, tough skin 1
a: Triple Draw, Deal Four, Stack Five, Renounce Religion, Evoke Flight


You were on level 2 of the Orcish Mines.
You worshipped Nemelex Xobeh.
Nemelex Xobeh was extremely pleased with you.
You were near starving.

You visited 4 branches of the dungeon, and saw 21 of its levels.

You collected 1769 gold pieces.

Inventory:

Hand Weapons
 a - a +0 scimitar (weapon)
 U - a +0 falchion of flaming
Armour
 l - a +2 cloak (worn)
 o - a +0 large shield (worn)
 F - the +1 robe of Activism (worn) {+Fly rN+ MR+ Regen+}
   (You found it on level 7 of the Dungeon)

   It protects you from negative energy.
   It affects your resistance to hostile enchantments.
   It lets you fly.
   It increases your rate of regeneration.
 S - +0 fire dragon scales
Jewellery
 j - an uncursed ring of protection from cold
 p - a +3 ring of protection (right hand)
 r - an uncursed ring of see invisible
 t - a +3 ring of protection (left hand)
 H - an uncursed ring of protection from magic
 I - a +4 amulet of reflection (around neck)
Wands
 z - a wand of paralysis (4)
 L - a wand of polymorph (4)
 O - a wand of flame (32)
 R - a wand of random effects (42)
 W - a wand of digging (10)
Scrolls
 c - a scroll of immolation {unknown}
 e - 4 scrolls of enchant weapon
 g - 4 scrolls of acquirement {unknown}
 h - 11 scrolls of teleportation
 s - 4 scrolls of fog
 v - a scroll of blinking {unknown}
 x - a scroll of magic mapping {unknown}
 y - 7 scrolls of remove curse
 C - 2 scrolls of holy word {unknown}
 D - 2 scrolls of noise {unknown}
 K - 3 scrolls of amnesia {unknown}
 M - 3 scrolls of fear {unknown}
 N - 3 scrolls of enchant armour {unknown}
Potions
 d - 3 potions of might
 i - 3 potions of brilliance
 k - 6 potions of degeneration
 m - 5 potions of curing
 n - 3 potions of haste
 u - a potion of mutation
 w - a potion of magic
 B - a potion of flight
 G - 2 potions of berserk rage
 J - 2 potions of heal wounds
 T - a potion of agility
Miscellaneous
 b - a plain deck of escape
 Q - a phial of floods (inert)
 V - a lamp of fire (inert)
Comestibles
 f - 40 rations


   Skills:
 + Level 16.6 Fighting
 * Level 10.3 Long Blades
 - Level 9.2 Throwing
 - Level 6.1 Dodging
 - Level 11.1 Shields
 - Level 9.0 Invocations


You had 13 spell levels left.
You didn't know any spells.

Dungeon Overview and Level Annotations

Branches:
Dungeon (12/15)            Temple (1/1) D:5            Lair (6/6) D:10
  Swamp (0/4) Lair:2        Snake (0/4) Lair:3        Slime (0/5) Lair:6
    Orc (2/2) D:9
    Elf: Orc:2

Altars:
Ashenzari
Cheibriados
Dithmenos
Elyvilon
Fedhas
Gozag
Hepliaklqana
Kikubaaqudgha
Makhleb
Nemelex Xobeh
Okawaru
Qazlal
Ru
Sif Muna
Trog
Uskayaw
Vehumet
Wu Jian
Xom
Yredelemnul
Zin
The Shining One
Beogh

Shops:
D:10 }


Innate Abilities, Weirdness & Mutations

You are too large for most types of armour.
You have tough skin. (AC +1)


Message History

PegasusDuck's ghost is almost destroyed.
The now-empty wand crumbles to dust.
You feel sick.
You hit PegasusDuck's ghost but do no damage.
PegasusDuck's ghost is almost destroyed.
You feel sick. You block PegasusDuck's ghost's attack.
You slash PegasusDuck's ghost!
You destroy PegasusDuck's ghost!
You feel sick.
You completely miss the water elemental.
The water elemental is moderately damaged.
You feel sick. You block the water elemental's attack.
You slash the water elemental!
The water elemental is severely damaged.
You feel a little less agile now.
You feel sick. You block the water elemental's attack.
You barely miss the water elemental.
The water elemental is severely damaged.
You feel sick. The water elemental hits you!
You die...
Your body disappears without a glow.

...#.........
#...#.#...... ##
.#........... #.#
...........#. #.#
.#........... #.#
##.#........ #.#
#.####....#. #.## #.#
#....... ..# #@###.#
##...... ...#. ##E#.#
##..... ..... ##(#
##...... #...####.#####
#....... ##......o##.#.##
##......
##.......4......######....
#...o.#....#.#...##.#.....
#......[..................
..........)...............


You could see a water elemental.

Vanquished Creatures
  Nessos (Lair:6)
  The ghost of PegasusDuck the Cleaver, a journeyman DsGl of Makhleb (Orc:2)
  An ettin (Orc:1)
  A fire dragon (Lair:6)
  4 hydras
  4 two-headed ogres
  6 orc high priests (Orc:2)
  An unseen horror (D:10)
  A fire crab (Lair:6)
  An ugly thing (D:11)
  3 elephants (Lair:6)
  An orc sorcerer (Orc:1)
  An oklob plant (Lair:2)
  7 black mambas
  A centaur zombie (D:11)
  7 spiny frogs
  The ghost of grom234 the Skirmisher, a novice FoAK of Lugonu (D:4)
  7 komodo dragons
  A yaktaur (D:7)
  2 rime drakes
  A meliai (shapeshifter) (Orc:2)
  A dream sheep (D:9)
  Prince Ribbit (D:7)
  6 hippogriffs
  Sigmund (D:4)
  20 yaks
  3 wyverns
  2 hungry ghosts
  5 basilisks
  7 wargs
  Menkaure (D:4)
  4 hell hounds
  5 water moccasins
  11 porcupines
  Duvessa (D:7)
  7 orc warriors
  3 sky beasts
  2 ice beasts
  A phantom (D:10)
  7 ogres
  3 black bears
  7 wolves
  4 centaurs
  7 crocodiles
  4 big kobolds
  13 bullfrogs
  A gnoll sergeant (Orc:1)
  Dowan (D:7)
  2 scorpions
  7 killer bees
  2 howler monkeys (D:8)
  A quasit (D:10)
  3 lava snakes (Lair:6)
  A crimson imp (D:5)
  26 orc priests
  2 bullfrog zombies
  A jelly (D:9)
  4 hounds
  11 orc wizards
  4 iguanas
  9 worker ants
  3 worker ant zombies
  8 adders
  5 gnolls
  A howler monkey skeleton (D:11)
  A shadow imp (D:6)
  2 oozes
  An adder skeleton (D:9)
  A worm (D:3)
  4 dart slugs
  4 leopard geckos
  52 orcs
  2 bat zombies (D:1)
  4 giant cockroaches
  7 goblins
  6 hobgoblins
  17 jackals
  20 kobolds
  6 quokkas
  2 ball pythons
  9 bats
  6 frilled lizards
  A jackal zombie (D:6)
  A quokka zombie (D:8)
  6 rats
  2 fungi
  A plant (D:9)
426 creatures vanquished.

Vanquished Creatures (collateral kills)
  Harold (Lair:2)
  4 hydras
  A two-headed ogre (D:10)
  A deep elf mage (D:11)
  4 black mambas
  A molten gargoyle (Lair:6)
  2 spiny frogs (Lair:5)
  5 komodo dragons
  A troll (D:11)
  5 yaks
  2 basilisks
  A steam dragon (D:9)
  A porcupine (Lair:5)
  A hell hound (D:10)
  A bullfrog (Lair:5)
  A jelly (D:11)
  An iguana (Lair:2)
  A leopard gecko (D:10)
34 creatures vanquished.

Vanquished Creatures (others)
  A spiny frog (Lair:5)
  A molten gargoyle (Lair:6)
  2 komodo dragons (Lair:6)
  A polar bear (Lair:5)
  A dream sheep (D:9)
  A yak (D:9)
  An orc warrior (D:7)
  A centaur (D:9)
  3 big kobolds (D:9)
  3 killer bees (D:8)
  A howler monkey (D:8)
  A lava snake (Lair:6)
  2 orc priests
  An orc wizard (D:10)
  An iguana (Lair:2)
  2 ball lightnings
  8 orcs
  24 fungi
  11 plants
66 creatures vanquished.

Grand Total: 526 creatures vanquished

Notes
Turn   | Place    | Note
-------+----------+-------------------------------------------
     0 | D:1      | vishdafish the Ogre Fighter began the quest for the Orb.
     0 | D:1      | Reached XP level 1. HP: 24/24 MP: 1/1
   141 | D:1      | Reached XP level 2. HP: 32/32 MP: 2/2
   327 | D:1      | Reached XP level 3. HP: 38/40 MP: 3/3
  1165 | D:2      | Found a basalt altar of Yredelemnul.
  1195 | D:2      | Reached XP level 4. HP: 39/49 MP: 4/4
  1955 | D:4      | Noticed grom234's ghost (novice FoAK)
  1965 | D:4      | Killed grom234's ghost
  1965 | D:4      | Reached skill level 5 in Fighting
  1965 | D:4      | Reached XP level 5. HP: 41/59 MP: 2/5
  1965 | D:4      | Reached XP level 6. HP: 46/67 MP: 2/6
  1973 | D:4      | Noticed Menkaure
  1978 | D:4      | Killed Menkaure
  1978 | D:4      | Reached XP level 7. HP: 30/74 MP: 2/7
  2340 | D:4      | Noticed Sigmund
  2353 | D:4      | Killed Sigmund
  2353 | D:4      | Reached skill level 6 in Fighting
  2357 | D:4      | Reached skill level 5 in Long Blades
  2631 | D:4      | Reached XP level 8. HP: 74/84 MP: 6/8
  3027 | D:5      | Entered Level 5 of the Dungeon
  3352 | D:5      | Found a staircase to the Ecumenical Temple.
  3387 | Temple   | Entered the Ecumenical Temple
  3532 | Temple   | Became a worshipper of Nemelex Xobeh the Trickster
  3720 | D:5      | Reached skill level 7 in Fighting
  3872 | D:6      | Received a gift from Nemelex Xobeh
  4006 | D:6      | Reached skill level 1 in Invocations
  4127 | D:6      | Received a gift from Nemelex Xobeh
  4264 | D:7      | Reached * piety under Nemelex Xobeh
  4309 | D:7      | Got a thick robe
  4320 | D:7      | Identified the cursed +1 robe of Activism {+Fly rN+ MR+ Regen+} (You found it on level 7 of the Dungeon)
  4366 | D:7      | Noticed a hippogriff
  4370 | D:7      | Noticed a yaktaur
  4370 | D:7      | a hippogriff changed into a yaktaur
  4380 | D:7      | Killed a yaktaur
  4380 | D:7      | Reached skill level 5 in Dodging
  4380 | D:7      | Reached skill level 5 in Shields
  4469 | D:7      | Noticed Prince Ribbit
  4474 | D:7      | Killed Prince Ribbit
  4474 | D:7      | Reached XP level 9. HP: 58/94 MP: 9/11
  4676 | D:7      | Noticed Duvessa
  4676 | D:7      | Noticed Dowan
  4694 | D:7      | Killed Duvessa
  4694 | D:7      | Reached skill level 8 in Fighting
  4709 | D:7      | Killed Dowan
  5422 | D:8      | Reached skill level 5 in Invocations
  5862 | D:8      | Reached skill level 9 in Fighting
  5862 | D:8      | Reached XP level 10. HP: 31/107 MP: 14/14
  6142 | D:9      | Reached skill level 1 in Throwing
  6341 | D:9      | Found a staircase to the Orcish Mines.
  6349 | D:9      | Noticed a two-headed ogre
  6361 | D:9      | Killed a two-headed ogre
  6532 | D:9      | Received a gift from Nemelex Xobeh
  6640 | D:9      | Reached ** piety under Nemelex Xobeh
  6926 | D:9      | Noticed a three-headed hydra
  6931 | D:9      | Reached skill level 10 in Fighting
  6931 | D:9      | Killed a three-headed hydra
  7035 | D:10     | Entered Level 10 of the Dungeon
  7420 | D:10     | Noticed an unseen horror
  7446 | D:10     | Killed an unseen horror
  7446 | D:10     | Reached skill level 11 in Fighting
  7446 | D:10     | Reached XP level 11. HP: 120/120 MP: 17/17
  7458 | D:10     | Noticed a two-headed ogre
  7474 | D:10     | Killed a two-headed ogre
  7634 | D:10     | Noticed a two-headed ogre
  7735 | D:10     | Found a deep blue altar of Sif Muna.
  7813 | D:10     | Killed a two-headed ogre
  8019 | D:10     | Noticed a two-headed ogre
  8094 | D:10     | Found a staircase to the Lair.
  8266 | D:10     | Found Hinonoli's Gadget Shoppe.
  8476 | D:10     | Killed a two-headed ogre
  8577 | D:11     | Received a gift from Nemelex Xobeh
  8759 | D:11     | Reached skill level 12 in Fighting
  9215 | D:11     | Reached skill level 5 in Throwing
  9275 | D:11     | Found a glowing silver altar of Zin.
  9276 | D:11     | Noticed a deep elf mage
  9291 | D:11     | Killed a deep elf mage
  9553 | D:11     | Noticed a brown ugly thing
  9578 | D:11     | Killed a brown ugly thing
  9588 | D:11     | Received a gift from Nemelex Xobeh
  9994 | D:12     | Noticed a white ugly thing
 10002 | D:11     | Noticed a six-headed hydra
 10006 | D:11     | Killed a six-headed hydra
 10060 | Lair:1   | Entered Level 1 of the Lair of Beasts
 10131 | Lair:1   | Reached XP level 12. HP: 112/133 MP: 18/18
 10150 | Lair:1   | Reached *** piety under Nemelex Xobeh
 10552 | Lair:1   | Found a deep blue altar of Sif Muna.
 10816 | Lair:1   | Reached skill level 13 in Fighting
 11170 | Lair:2   | Noticed Harold
 11205 | Lair:2   | Killed Harold
 11345 | Lair:2   | Received a gift from Nemelex Xobeh
 11372 | Lair:2   | Found a staircase to the Swamp.
 12436 | Lair:3   | Reached skill level 10 in Shields
 12615 | Lair:3   | Received a gift from Nemelex Xobeh
 13058 | Lair:3   | Found a staircase to the Snake Pit.
 13098 | Lair:3   | Reached **** piety under Nemelex Xobeh
 13907 | Lair:4   | Noticed a five-headed hydra
 13919 | Lair:4   | Killed a three-headed hydra
 13919 | Lair:4   | Reached skill level 14 in Fighting
 14238 | Lair:4   | Received a gift from Nemelex Xobeh
 14984 | Lair:5   | Reached XP level 13. HP: 40/148 MP: 19/19
 16108 | Lair:5   | Received a gift from Nemelex Xobeh
 16572 | Lair:6   | Entered Level 6 of the Lair of Beasts
 16998 | Lair:6   | Found a staircase to the Slime Pits.
 17189 | Lair:6   | Reached skill level 15 in Fighting
 17284 | Lair:6   | Noticed Nessos
 17349 | Lair:6   | Killed Nessos
 17568 | Lair:6   | Noticed a fire dragon
 17863 | Lair:6   | Found a large runed door.
 17864 | Lair:6   | Found a large runed door.
 18048 | Lair:6   | Reached ***** piety under Nemelex Xobeh
 18163 | Lair:6   | Received a gift from Nemelex Xobeh
 18865 | Lair:6   | Killed a fire dragon
 19101 | Orc:1    | Entered Level 1 of the Orcish Mines
 19411 | Orc:1    | Received a gift from Nemelex Xobeh
 19421 | Orc:1    | Reached skill level 16 in Fighting
 19421 | Orc:1    | Reached XP level 14. HP: 162/162 MP: 20/20
 19688 | Orc:2    | Entered Level 2 of the Orcish Mines
 20476 | Orc:2    | Found a roughly hewn altar of Beogh.
 20675 | Orc:2    | Noticed PegasusDuck's ghost (journeyman DsGl)
 20701 | Orc:2    | Reached skill level 10 in Long Blades
 20763 | Orc:2    | Killed PegasusDuck's ghost
 20766 | Orc:2    | Mangled by a water elemental

Vault maps used:
D:1:      saegor_arrival_fortress
D:2:      yredelemnul_altar_generic, first_ration
D:4:      uniq_sigmund, uniq_menkaure
D:5:      minmay_temple_entry_statues_fountains
D:7:      uniq_duvessa, uniq_prince_ribbit1
D:9:      orc_0_dummy, hangedman_ranch, minmay_stone_trees_small
D:10:     kennysheep_orc_sif_temple, minmay_lair_entry_lava, serial_shops,
          nicolae_shop_waterfront, uniq_psyche
D:11:     david_defended_altar_elf
D:12:     basic_altar
Temple:   kilobyte_greek_temple
Lair:1:   basic_altar
Lair:2:   beast_lair_carwin_large_2, swamp_mist_pool, grunt_megastairs_3,
          lemuel_fruit_tree, uniq_harold
Lair:3:   dummy_snake_entry
Lair:6:   cheibrodos_lair_end_hotspot, minmay_slime_entry_oklob_enclosed,
          uniq_nessos
Orc:2:    st_orc_town, minmay_orc_temple_a

Skill      XL: |  1  2  3  4  5  6  7  8  9 10 11 12 13 14 |
---------------+-------------------------------------------+-----
Long Blades    | 2 4 5 6 9 10 | 10.3
Dodging        | 3 4 5 6 |  6.1
Shields        | 3 4 5 6 7 9 10 11 | 11.1
Fighting       | 5 6 7 9 11 12 14 16 | 16.6
Invocations    | 3 6 8 9 |  9.0
Throwing       | 3 5 8 9 |  9.2

Action                   |  1- 3 |  4- 6 |  7- 9 | 10-12 | 13-15 || total
-------------------------+-------+-------+-------+-------+-------++-------
Melee: Long sword        |   133 |    52 |   395 |   720 |    71 ||  1371
       Falchion          |       |       |       |   384 |   448 ||   832
       Scimitar          |       |       |       |       |   292 ||   292
Throw: Large rock        |       |       |       |    18 |    41 ||    59
       Throwing net      |       |       |       |       |     3 ||     3
       Tomahawk          |       |       |       |       |     6 ||     6
Evoke: Deck              |       |       |    10 |    27 |    34 ||    71
       Wand              |       |       |     7 |    15 |    27 ||    49
       Phial of floods   |       |       |       |     1 |     2 ||     3
       Lamp of fire      |       |       |       |       |     2 ||     2
  Use: Scroll            |       |     5 |     6 |     9 |     1 ||    21
       Potion            |       |     1 |     2 |     5 |     4 ||    12
 Stab: Sleeping          |     1 |       |     1 |     1 |       ||     3
       Paralysed         |       |       |    18 |    16 |    29 ||    63
       Distracted        |       |       |       |     2 |       ||     2
       Petrified         |       |       |       |     4 |       ||     4
  Eat: Chunk             |       |     3 |    14 |    20 |    10 ||    47
       Ration            |       |       |       |     7 |     2 ||     9
Armor: Robe              |    75 |    20 |   127 |   330 |   127 ||   679
Dodge: Dodged            |    58 |    21 |   148 |   407 |   168 ||   802
Block: Shield            |    98 |    20 |   265 |   812 |       ||  1195
       Reflection        |       |       |     5 |    19 |     9 ||    33
       Large shield      |       |       |       |   225 |   840 ||  1065
       Rpst.: Long sword |    15 |     4 |    52 |    72 |     5 ||   148
       Falchion          |       |       |       |    47 |    19 ||    66
       Scimitar          |       |       |       |       |    24 ||    24

Table legend:
 A = Spawn XP
 B = Non-spawn XP
 C = Spawn XP percentage of total XP
 D = Spawn monster count
 E = Non-spawn monster count
 F = Spawn count percentage of total count
 G = Total turns spent on level
                    A         B        C        D         E        F      G
               +---------+---------+-------+---------+---------+-------+---------
         Total |       0 |   65929 |   0.0 |       0 |     483 |   0.0 | 20766
               +---------+---------+-------+---------+---------+-------+---------
           D:1 |       0 |      50 |   0.0 |       0 |      24 |   0.0 |   810
           D:2 |       0 |      44 |   0.0 |       0 |      16 |   0.0 |   595
           D:3 |       0 |      58 |   0.0 |       0 |      17 |   0.0 |   544
           D:4 |       0 |    1198 |   0.0 |       0 |      20 |   0.0 |  1078
           D:5 |       0 |     375 |   0.0 |       0 |      12 |   0.0 |   550
           D:6 |       0 |     191 |   0.0 |       0 |      10 |   0.0 |   503
           D:7 |       0 |    1084 |   0.0 |       0 |       8 |   0.0 |   857
           D:8 |       0 |    1667 |   0.0 |       0 |      36 |   0.0 |   946
           D:9 |       0 |    4762 |   0.0 |       0 |      42 |   0.0 |  1534
          D:10 |       0 |    5153 |   0.0 |       0 |      35 |   0.0 |  1176
          D:11 |       0 |    3577 |   0.0 |       0 |      31 |   0.0 |  1471
        Lair:1 |       0 |    3149 |   0.0 |       0 |      17 |   0.0 |  1104
        Lair:2 |       0 |    4077 |   0.0 |       0 |      19 |   0.0 |  1240
        Lair:3 |       0 |    3035 |   0.0 |       0 |      18 |   0.0 |  1485
        Lair:4 |       0 |    3359 |   0.0 |       0 |      13 |   0.0 |  1108
        Lair:5 |       0 |    6315 |   0.0 |       0 |      23 |   0.0 |  1851
        Lair:6 |       0 |   15415 |   0.0 |       0 |      42 |   0.0 |  2196
         Orc:1 |       0 |    3164 |   0.0 |       0 |      36 |   0.0 |   784
         Orc:2 |       0 |    9256 |   0.0 |       0 |      64 |   0.0 |   744
               +---------+---------+-------+---------+---------+-------+---------
